 Dungeon Crawl Stone Soup version 0.20.0-15-g7f486f2 (webtiles) character file.

66841 Monsterracer the Basher (level 15, 0/105 HPs)
             Began as a Gargoyle Fighter on June 9, 2017.
             Was the Champion of Okawaru.
             Killed by divine providence
             ... invoked by an orc priest
             ... led by an orc warlord
              (13 damage)
             ... on level 2 of the Orcish Mines.
             The game lasted 00:45:15 (18180 turns).

Monsterracer the Basher (Gargoyle Fighter)         Turns: 18180, Time: 00:45:16

Health: 0/105      AC: 46    Str: 20    XL:     15   Next: 21%
Magic:  20/22      EV: 18    Int: 10    God:    Okawaru [******]
Gold:   1340       SH: 21    Dex: 16    Spells: 14/14 levels left

rFire    + . .     SeeInvis .   u - +10 flail "Waferruh" {flame, Dex+2}
rCold    + . .     Gourm    +   N - +0 large shield {rF+}
rNeg     + . .     Faith    .   p - +0 plate armour
rPois    ∞         Spirit   .   n - +2 helmet
rElec    +         Reflect  .   l - +0 cloak
rCorr    .         Harm     .   z - +2 pair of gloves
MR       +....                  m - +2 pair of boots
Stlth    ..........             K - amulet "Firufut" {Gourm rElec rF- rC+}
Regen    0.3/turn               t - +5 ring of protection
MPRegen  0.2/turn               b - +5 ring of evasion

@: about to teleport, heroism, finesse, flying, very slightly contaminated
A: big wings, fire resistance 1, negative energy resistance 1, robust 1,
electricity resistance, unbreathing, petrification resistance, rot immunity,
MP-powered wands, AC +11
a: Stop Flying, Heroism, Finesse, Renounce Religion


You were on level 2 of the Orcish Mines.
You worshipped Okawaru.
Okawaru was exalted by your worship.
You were very full.

You visited 4 branches of the dungeon, and saw 20 of its levels.
You also visited: Ossuary.

You collected 1340 gold pieces.

Inventory:

Hand Weapons
 u - the +10 flail "Waferruh" (weapon) {flame, Dex+2}
   (You found it on level 4 of the Dungeon)

   It has been specially enchanted to burn those struck by it, causing extra
   injury to most foes and up to half again as much damage against particularly
   susceptible opponents.
   It affects your dexterity (+2).
Armour
 a - a scarf of cloud immunity
 l - a +0 cloak (worn)
 m - a +2 pair of boots (worn)
 n - a +2 helmet (worn)
 p - a +0 plate armour (worn)
 z - a +2 pair of gloves (worn)
 N - a +0 large shield of fire resistance (worn)
Jewellery
 b - a +5 ring of evasion (right hand)
 t - a +5 ring of protection (left hand)
 C - an uncursed ring of fire
 K - the amulet "Firufut" (around neck) {Gourm rElec rF- rC+}
   (You found it on level 2 of the Lair of Beasts)

   [amulet of the gourmand]

   It allows you to eat raw meat even when not hungry.
   It makes you vulnerable to fire.
   It protects you from cold.
   It insulates you from electricity.
Wands
 Q - a wand of digging (7/24)
Scrolls
 g - 5 scrolls of fear
 h - a scroll of amnesia
 i - 7 scrolls of teleportation
 q - 3 scrolls of enchant weapon
 v - 20 scrolls of identify
 y - a scroll of summoning
 A - 3 scrolls of recharging
 B - 2 scrolls of blinking
 F - a scroll of magic mapping
 H - 2 scrolls of fog
 P - 2 scrolls of remove curse
Potions
 d - 3 potions of might
 e - 10 potions of curing
 k - 2 potions of brilliance
 o - a potion of magic
 r - 5 potions of haste
 x - 3 potions of cancellation
 D - 2 potions of resistance
 E - a potion of berserk rage
 I - a potion of ambrosia
 L - a potion of invisibility
 M - a potion of mutation
Comestibles
 f - 7 bread rations
 j - 11 meat rations
 s - 13 royal jellies
 w - 38 fruits


   Skills:
 + Level 11.7(16.7) Fighting
 - Level 14.0(19.0) Maces & Flails
 + Level 11.6(16.6) Armour
 + Level 9.0(14.0) Dodging
 + Level 11.9(16.9) Shields
 - Level 10.0 Invocations


You had 14 spell levels left.
You didn't know any spells.

Dungeon Overview and Level Annotations

Branches:
Dungeon (11/15)            Temple (1/1) D:5            Lair (6/6) D:11
 Shoals (0/4) Lair:2        Snake (0/4) Lair:2        Slime (0/5) Lair:5
    Orc (2/2) D:9             Elf (0/3) Orc:2

Altars:
Ashenzari
Cheibriados
Dithmenos
Elyvilon
Fedhas
Gozag
Hepliaklqana
Kikubaaqudgha
Makhleb
Nemelex Xobeh
Okawaru
Qazlal
Ru
Sif Muna
Trog
Uskayaw
Vehumet
Xom
Yredelemnul
Zin
The Shining One
Beogh
Jiyva

Shops:
Orc:2 !


Innate Abilities, Weirdness & Mutations

You are resistant to torment.
Your stone body is resilient. (AC +11)
You are immune to poison.
Your large and strong wings let you fly indefinitely.
You resist negative energy. (rN+)
You are resistant to electric shocks. (rElec)
You can survive without breathing.
You are immune to petrification.
You are immune to rotting.
Your flesh is heat resistant. (rF+)
You are robust. (+10% HP)
You expend magic power (3 MP) to strengthen your wands.


Message History

You closely miss the warg.
The warg is severely wounded.
You sock the warg! You burn the warg.
You kill the warg!
Okawaru accepts your kill.
The orc shouts! x2; The ogre shouts!
You barely miss the warg. The warg misses you.
You thump the warg! You burn the warg.
The warg is heavily wounded.
As you read the scroll of teleportation, it crumbles to dust.
You feel strangely unstable. You block the warg's attack.
The orc warlord roars a battlecry!
The orcs go into a battle-frenzy!
The orc priest looks braver for a moment.
You bludgeon the warg!! You burn the warg.
You kill the warg!
Okawaru accepts your kill.
The orc priest invokes the aid of Beogh against you.
Beogh smites you!
You die...

......o..........#
...o.........#
.............#
....o...O...##
......oo.....#
......o......#
##....†....#
.#..$.<.....#
.......)@....#
............##
......#.....#
.#....##....#
##... $.....# #...
.....## ....
....## .>....


You could see an orc warlord, an ogre, 2 orc priests and 2 orcs.

Vanquished Creatures
  Gastronok (Lair:3)
  Kirke (Lair:4)
  An orc warlord (Orc:1)
  9 hydras
  3 two-headed ogres
  9 death yaks
  Urug (Lair:4)
  An orc knight (Orc:1)
  An orc sorcerer (Orc:1)
  An ugly thing (D:11)
  18 elephants
  3 manticores (Lair:3)
  Joseph (D:7)
  4 black mambas
  5 spiny frogs
  3 komodo dragons
  9 polar bears
  A queen bee (Lair:3)
  2 trolls
  7 hornets
  A slime creature (D:11)
  7 dream sheep
  Grinder (D:5)
  15 blink frogs
  12 hippogriffs
  The ghost of rokenel the Sneak, an amateur HaEn (D:4)
  16 spriggans (Lair:6)
  6 wyverns
  A wraith (D:10)
  2 hogs (Lair:4)
  3 hungry ghosts
  4 basilisks
  2 steam dragons (Lair:3)
  21 yaks
  Menkaure (D:7)
  6 wargs
  6 nagas (Lair:2)
  Edmund (D:5)
  15 water moccasins
  Duvessa (D:7)
  18 orc warriors
  4 porcupines
  2 black bears (Lair:6)
  4 ice beasts
  4 sky beasts
  3 boggarts (Lair:6)
  An eye of draining (D:10)
  12 ogres
  37 wolves
  2 centaurs
  14 crocodiles
  2 elf zombies (Ossuary)
  3 big kobolds
  2 gnoll sergeants (D:9)
  8 bullfrogs
  Dowan (D:7)
  A water moccasin zombie (D:11)
  A water moccasin skeleton (D:6)
  5 scorpions
  17 wights
  25 killer bees (Lair:3)
  3 howler monkeys
  2 vampire bats (Lair:5)
  6 electric eels
  6 crimson imps
  2 bullfrog zombies
  3 human zombies
  5 orc priests
  2 hounds
  2 centaur skeletons
  9 jellies
  13 orc wizards
  Terence (D:2)
  6 iguanas
  Natasha (twice) (D:4)
  2 hell rats
  7 worker ants
  A bullfrog simulacrum (D:8)
  A hound zombie (D:6)
  2 hound skeletons
  2 mummies (Ossuary)
  3 worker ant zombies
  Robin (D:2)
  14 adders
  8 gnolls
  A river rat (D:11)
  3 white imps (D:8)
  13 oozes
  An adder skeleton (D:8)
  An adder zombie (Ossuary)
  3 worms
  2 dart slugs
  An adder simulacrum (D:8)
  5 leopard geckos
  27 orcs
  3 ball pythons
  13 bats
  4 giant cockroaches
  9 goblins
  11 hobgoblins
  17 jackals
  2 quokkas
  7 frilled lizards
  13 hobgoblin zombies (Ossuary)
  2 jackal zombies (Ossuary)
  9 kobolds
  6 kobold zombies (Ossuary)
  A leopard gecko skeleton (D:5)
  A leopard gecko zombie (D:5)
  3 orc skeletons (D:4)
  10 orc zombies
  A quokka simulacrum (D:8)
  15 rats
  3 rat zombies (Ossuary)
  A fungus (Lair:3)
660 creatures vanquished.

Vanquished Creatures (others)
  A human (Lair:4)
  20 fungi
  10 plants
31 creatures vanquished.

Grand Total: 691 creatures vanquished

Notes
Turn   | Place    | Note
-------+----------+-------------------------------------------
     0 | D:1      | Monsterracer the Gargoyle Fighter began the quest for the Orb.
     0 | D:1      | Reached XP level 1. HP: 14/14 MP: 1/1
    61 | D:1      | Reached XP level 2. HP: 13/19 MP: 2/2
   230 | D:1      | Reached skill level 3 in Maces & Flails
   537 | D:1      | Reached XP level 3. HP: 23/23 MP: 3/3
  1280 | D:2      | Noticed Robin
  1297 | D:2      | Reached skill level 4 in Maces & Flails
  1315 | D:2      | Killed Robin
  1315 | D:2      | Reached XP level 4. HP: 28/28 MP: 4/4
  1494 | D:2      | Noticed Terence
  1509 | D:2      | Killed Terence
  2022 | D:3      | Found a transporter.
  2112 | D:3      | Found a transporter.
  2177 | D:3      | Noticed a moth of wrath
  2180 | D:3      | Found a bloodstained altar of Trog.
  2212 | D:3      | Reached skill level 5 in Maces & Flails
  2212 | D:3      | Reached XP level 5. HP: 27/32 MP: 5/5
  2314 | D:3      | Noticed a sky beast
  2334 | D:3      | Killed a sky beast
  2408 | D:3      | Found a glowing silver altar of Zin.
  2565 | D:3      | Reached skill level 6 in Maces & Flails
  2565 | D:3      | Reached XP level 6. HP: 37/37 MP: 6/6
  3459 | D:4      | Found a sand-covered staircase.
  3465 | Ossuary  | Entered an ossuary
  3774 | Ossuary  | Reached skill level 7 in Maces & Flails
  3774 | Ossuary  | Reached XP level 7. HP: 31/41 MP: 7/7
  4080 | D:4      | Reached skill level 8 in Maces & Flails
  4196 | D:4      | Noticed rokenel's ghost (amateur HaEn)
  4253 | D:4      | Killed rokenel's ghost
  4253 | D:4      | Reached skill level 1 in Dodging
  4470 | D:4      | Got a polished flail
  4471 | D:4      | Identified the +10 flail "Waferruh" {flame, Dex+2} (You found it on level 4 of the Dungeon)
  4572 | D:4      | Reached XP level 8. HP: 44/48 MP: 8/8
  4586 | D:4      | Noticed Natasha
  4593 | D:4      | Killed Natasha
  4822 | D:5      | Entered Level 5 of the Dungeon
  4884 | D:5      | Noticed Grinder
  4898 | D:5      | Killed Grinder
  4920 | D:5      | Found a staircase to the Ecumenical Temple.
  4950 | Temple   | Entered the Ecumenical Temple
  5153 | Temple   | Became a worshipper of Warmaster Okawaru
  5316 | D:5      | Reached skill level 9 in Maces & Flails
  5316 | D:5      | Reached skill level 1 in Invocations
  5338 | D:5      | Got a faintly glowing war axe
  5339 | D:5      | Identified the cursed +0 war axe of Greatest Utility {freeze, rPois rN+++ Str+2 Dex-4} (You found it on level 5 of the Dungeon)
  5341 | D:5      | Noticed Edmund
  5362 | D:5      | Killed Edmund
  5605 | D:5      | Reached * piety under Okawaru
  5605 | D:5      | Reached XP level 9. HP: 53/53 MP: 10/10
  6032 | D:6      | Reached skill level 5 in Armour
  6039 | D:6      | Reached skill level 5 in Fighting
  6040 | D:6      | Reached skill level 5 in Shields
  6572 | D:6      | Found a blossoming altar of Fedhas.
  6572 | D:6      | Found a deep blue altar of Sif Muna.
  6573 | D:6      | Found a basalt altar of Yredelemnul.
  6841 | D:7      | Noticed a hornet
  6850 | D:7      | Killed a hornet
  6852 | D:7      | Reached ** piety under Okawaru
  6859 | D:7      | Noticed Duvessa
  6859 | D:7      | Noticed Dowan
  6867 | D:7      | Killed Duvessa
  6887 | D:7      | Killed Dowan
  7132 | D:7      | Noticed Joseph
  7138 | D:7      | Killed Joseph
  7138 | D:7      | Reached skill level 10 in Maces & Flails
  7138 | D:7      | Reached XP level 10. HP: 60/60 MP: 9/12
  7340 | D:7      | Noticed Menkaure
  7348 | D:7      | Killed Menkaure
  8146 | D:8      | Gained mutation: You are robust. (+10% HP) [potion of mutation]
  8146 | D:8      | Gained mutation: You expend magic power (3 MP) to strengthen your wands. [potion of mutation]
  8146 | D:8      | Gained mutation: Your flesh is heat resistant. (rF+) [potion of mutation]
  8257 | D:8      | Reached *** piety under Okawaru
  8337 | D:8      | Noticed a two-headed ogre
  8349 | D:8      | Killed a two-headed ogre
  8442 | D:8      | Found a sparkling altar of Nemelex Xobeh.
  8695 | D:4      | Noticed Natasha
  8699 | D:4      | Killed Natasha
  8788 | D:3      | Reached **** piety under Okawaru
  9076 | D:9      | Reached skill level 5 in Invocations
  9116 | D:9      | Reached XP level 11. HP: 66/73 MP: 14/14
  9118 | D:9      | Reached skill level 11 in Maces & Flails
  9384 | D:9      | Reached ***** piety under Okawaru
  9384 | D:9      | Received a gift from Okawaru
  9494 | D:9      | Found a staircase to the Orcish Mines.
  9691 | D:10     | Entered Level 10 of the Dungeon
  9799 | D:10     | Reached skill level 5 in Dodging
 10120 | D:10     | Found a glowing golden altar of the Shining One.
 10242 | D:11     | Noticed a green ugly thing
 10250 | D:11     | Killed a green ugly thing
 10258 | D:11     | Noticed a two-headed ogre
 10262 | D:11     | Killed a two-headed ogre
 10302 | D:11     | Noticed a death yak
 10302 | D:11     | Noticed a death yak
 10325 | D:11     | Killed a death yak
 10329 | D:11     | Noticed a death yak
 10333 | D:11     | Killed a death yak
 10343 | D:11     | Killed a death yak
 10346 | D:11     | Reached XP level 12. HP: 50/80 MP: 16/16
 10382 | D:11     | Found a staircase to the Lair.
 10571 | D:11     | Reached skill level 12 in Maces & Flails
 10610 | D:11     | Received a gift from Okawaru
 10610 | D:11     | Reached ****** piety under Okawaru
 10927 | D:11     | Noticed an eight-headed hydra
 10936 | D:11     | Killed an eight-headed hydra
 11181 | Lair:1   | Entered Level 1 of the Lair of Beasts
 11259 | Lair:1   | Noticed an eight-headed hydra
 11266 | Lair:1   | Killed an eight-headed hydra
 12103 | Lair:2   | Found a staircase to the Snake Pit.
 12399 | Lair:2   | Found a staircase to the Shoals.
 12602 | Lair:2   | Got a bound bronze amulet
 12656 | Lair:2   | Identified the amulet "Firufut" {Gourm rElec rF- rC+} (You found it on level 2 of the Lair of Beasts)
 12942 | Lair:3   | Received a gift from Okawaru
 13125 | Lair:3   | Noticed Gastronok
 13152 | Lair:3   | Reached skill level 13 in Maces & Flails
 13180 | Lair:3   | Killed Gastronok
 13180 | Lair:3   | Reached XP level 13. HP: 87/88 MP: 18/18
 13639 | Lair:3   | Received a gift from Okawaru
 13717 | Lair:3   | Received a gift from Okawaru
 13863 | Lair:3   | Reached skill level 10 in Shields
 14374 | Lair:4   | Noticed Kirke
 14397 | Lair:4   | Killed Kirke
 14447 | Lair:4   | Reached skill level 14 in Maces & Flails
 14541 | Lair:4   | Reached skill level 10 in Fighting
 14541 | Lair:4   | Reached skill level 10 in Armour
 14657 | Lair:4   | Noticed Urug
 14667 | Lair:4   | Killed Urug
 14667 | Lair:4   | Gained mutation: Your large and strong wings let you fly indefinitely. [Gargoyle growth]
 14667 | Lair:4   | Reached XP level 14. HP: 75/96 MP: 13/20
 15712 | Lair:5   | Found a staircase to the Slime Pits.
 15713 | Lair:5   | Found a viscous altar of Jiyva.
 15761 | Lair:5   | Received a gift from Okawaru
 16137 | Lair:6   | Entered Level 6 of the Lair of Beasts
 16613 | Lair:6   | Reached skill level 10 in Invocations
 17104 | Lair:6   | Received a gift from Okawaru
 17104 | Lair:6   | Reached XP level 15. HP: 97/104 MP: 19/22
 17194 | Lair:6   | Found a snail-covered altar of Cheibriados.
 17680 | Orc:1    | Entered Level 1 of the Orcish Mines
 18026 | Orc:1    | Found a roughly hewn altar of Beogh.
 18034 | Orc:1    | Noticed an orc warlord
 18069 | Orc:1    | HP: 4/104 [orc priest/divine providence[an orc warlord] (10)]
 18136 | Orc:1    | Killed an orc warlord
 18140 | Orc:2    | Entered Level 2 of the Orcish Mines
 18140 | Orc:2    | Found Rebbox's Distillery.
 18140 | Orc:2    | Noticed an orc warlord
 18162 | Orc:2    | Found a staircase to the Elven Halls.
 18180 | Orc:2    | Killed from afar by an orc priest

Skill      XL: |  1  2  3  4  5  6  7  8  9 10 11 12 13 14 15 |
---------------+----------------------------------------------+-----
Maces & Flails | 3 4 5 6 7 8 9 10 11 13 14 | 14.0
Dodging        | 1 2 3 4 5 6 7 8 9 |  9.0
Armour         | 4 5 7 8 9 10 11 | 11.6
Fighting       | 4 6 7 8 9 10 11 | 11.7
Shields        | 4 5 6 8 9 10 11 | 11.9
Invocations    | 1 3 5 6 7 8 10 | 10.0

Action                   |  1- 3 |  4- 6 |  7- 9 | 10-12 | 13-15 || total
-------------------------+-------+-------+-------+-------+-------++-------
Melee: Flail             |   187 |   317 |   276 |   780 |   960 ||  2520
       War axe           |       |       |    20 |       |       ||    20
Invok: Heroism           |       |       |     2 |     9 |    13 ||    24
       Finesse           |       |       |       |     1 |     5 ||     6
 Abil: Fly               |       |       |       |       |     1 ||     1
Evoke: Wand              |       |       |       |       |     1 ||     1
  Use: Potion            |     5 |     2 |     3 |     5 |     3 ||    18
       Scroll            |       |     7 |     6 |     8 |     6 ||    27
 Stab: Distracted        |       |       |       |       |     1 ||     1
  Eat: Chunk             |     2 |     6 |     8 |    22 |    24 ||    62
       Meat ration       |       |     1 |       |       |       ||     1
       Fruit             |       |       |       |     2 |       ||     2
Armor: Scale mail        |    84 |       |    20 |    76 |   244 ||   424
       Chain mail        |    20 |   189 |    57 |       |       ||   266
       Plate armour      |       |       |    30 |   243 |    68 ||   341
       Skin              |       |       |       |     5 |       ||     5
Dodge: Dodged            |    61 |   129 |    66 |   359 |   513 ||  1128
Block: Shield            |   113 |   151 |    99 |   431 |   370 ||  1164
       Large shield      |       |       |       |       |   415 ||   415
